 Dungeon Crawl Stone Soup version 0.21.1-1-g345015f (webtiles) character file.

3816 microfolk the Magician (level 10, 0/77 HPs)
             Began as a Gnoll Skald on Feb 27, 2018.
             Was a Priest of Makhleb.
             Slain by an unseen horror (5 damage)
             ... on level 10 of the Dungeon.
             The game lasted 00:26:53 (12012 turns).

microfolk the Magician (Gnoll Skald)               Turns: 12012, Time: 00:26:54

Health: 0/77       AC: 11    Str: 13    XL:     10   Next: 17%
Magic:  17/20      EV: 13    Int: 18    God:    Makhleb [***...]
Gold:   579        SH:  0    Dex: 16    Spells: 14/23 levels left

rFire    . . .     SeeInvis .   a - +0 trident
rCold    . . .     Gourm    +   (no shield)
rNeg     . . .     Faith    .   q - +1 scale mail
rPois    +         Spirit   .   (no helmet)
rElec    .         Reflect  .   H - +2 cloak
rCorr    .         Harm     .   (no gloves)
MR       .....                  (no boots)
Stlth    ++........             e - amulet of the gourmand
HPRegen  1.22/turn              u - ring of wizardry
MPRegen  0.17/turn              l - ring of poison resistance

@: regenerating
A: distributed training, fangs 1, strong nose
a: Minor Destruction, Lesser Servant of Makhleb, Renounce Religion


You were on level 10 of the Dungeon.
You worshipped Makhleb.
Makhleb was most pleased with you.
You were very full.

You visited 2 branches of the dungeon, and saw 11 of its levels.

You collected 579 gold pieces.

Inventory:

Hand Weapons
 a - a +0 trident (weapon)
 b - a +1 shortbow of velocity
 M - a +4 spear of flaming
Missiles
 j - 180 stones (quivered)
 v - a throwing net
 x - 106 arrows
 B - 58 sling bullets
Armour
 q - a +1 scale mail (worn)
 C - a +0 plate armour
 H - a +2 cloak (worn)
Jewellery
 e - an amulet of the gourmand (around neck)
 l - a ring of poison resistance (right hand)
 u - a ring of wizardry (left hand)
 D - an uncursed ring of protection from fire
 K - an uncursed ring of flight
 L - a +3 ring of strength
Wands
 y - a wand of iceblast (13)
 z - a wand of clouds (1)
 E - a wand of random effects (29)
Scrolls
 g - 2 scrolls of enchant armour
 k - 4 scrolls of remove curse
 n - a scroll of blinking
 p - 2 scrolls of fog
 r - a scroll of immolation {unknown}
 s - 2 scrolls of magic mapping
 t - a scroll of enchant weapon {unknown}
 A - a scroll of noise {unknown}
 F - 6 scrolls of teleportation
 G - a scroll of brand weapon {unknown}
 O - 2 scrolls of identify
Potions
 f - a potion of magic
 i - a potion of invisibility
 m - 4 potions of curing
 I - a potion of lignification
 N - 3 potions of flight {unknown}
 P - a potion of berserk rage
Books
 c - a book of Battle

   Spells                             Type                      Level
   a - Infusion                       Charms                       1
   b - Shroud of Golubria             Charms/Translocation         2
   c - Song of Slaying                Charms                       2
   d - Spectral Weapon                Hexes/Charms                 3
   e - Regeneration                   Charms/Necromancy            3
 h - a book of Power

   Spells                             Type                      Level
   a - Iskenderun's Battlesphere      Conjuration/Charms           5
   b - Venom Bolt                     Conjuration/Poison           5
   c - Bolt of Magma                  Conjuration/Fire/Earth       5
   d - Iron Shot                      Conjuration/Earth            6
   e - Orb of Destruction             Conjuration                  7
   f - Spellforged Servitor           Conjuration/Summoning        7
 o - a book of Debilitation

   Spells                             Type                      Level
   a - Corona                         Hexes                        1
   b - Slow                           Hexes                        2
   c - Inner Flame                    Hexes/Fire                   3
   d - Portal Projectile              Hexes/Translocation          3
   e - Cause Fear                     Hexes                        4
   f - Leda's Liquefaction            Hexes/Earth                  4
Miscellaneous
 J - a phial of floods
Comestibles
 d - 13 rations


   Skills:
 + Level 6.8 Fighting
 + Level 4.9 Short Blades
 + Level 4.9 Long Blades
 + Level 4.9 Axes
 + Level 4.9 Maces & Flails
 + Level 6.8 Polearms
 + Level 4.9 Staves
 + Level 4.9 Slings
 + Level 4.9 Bows
 + Level 4.9 Crossbows
 + Level 4.9 Throwing
 + Level 5.6 Armour
 + Level 6.8 Dodging
 + Level 4.9 Stealth
 + Level 4.9 Shields
 + Level 4.9 Unarmed Combat
 + Level 7.1 Spellcasting
 + Level 4.1 Conjurations
 + Level 4.1 Hexes
 + Level 6.9 Charms
 + Level 4.1 Summonings
 + Level 4.1 Necromancy
 + Level 4.1 Translocations
 + Level 4.1 Transmutations
 + Level 4.1 Fire Magic
 + Level 4.1 Ice Magic
 + Level 4.1 Air Magic
 + Level 4.1 Earth Magic
 + Level 4.1 Poison Magic
 + Level 5.4 Invocations
 + Level 4.9 Evocations


You had 14 spell levels left.
You knew the following spells:

 Your Spells              Type           Power        Failure   Level  Hunger
a - Spectral Weapon       Hex/Chrm       ####....     6%          3    ##.....
b - Regeneration          Chrm/Necr      ####......   6%          3    ##.....
c - Infusion              Chrm           ####         1%          1    None
d - Song of Slaying       Chrm           ####....     1%          2    None


Dungeon Overview and Level Annotations

Branches:
Dungeon (10/15)            Temple (1/1) D:5
   Lair: D:8-11         Orc: D:9-12

Altars:
Cheibriados
Dithmenos
Makhleb
Ru
Trog
Xom
Zin

Annotations:
D:2 exclusion: downstairs
D:6 exclusion: downstairs
D:7 exclusion: downstairs
D:8 exclusion: 2 downstairs


Innate Abilities, Weirdness & Mutations

Your experience applies equally to all skills.
You have very sharp teeth.
Your uncanny sense of smell can sniff out nearby items.


Message History

Something hits you! Something hits you. Something hits you but does no damage.
Something hits you.
* * * LOW HITPOINT WARNING * * *
Something hits you!
* * * LOW HITPOINT WARNING * * *
Something hits you!
* * * LOW HITPOINT WARNING * * *
Something hits you.
* * * LOW HITPOINT WARNING * * *
Casting: Spectral Weapon
Confirm with . or Enter, or press ? or * to list all spells.
Your skin crawls.
Something hits you but does no damage. Something hits you.
* * * LOW HITPOINT WARNING * * *
Something hits you.
* * * LOW HITPOINT WARNING * * *
Something hits you but does no damage. Something hits you.
You die...

###..... ##.......
###.......#
###........##
####.........##
###.......#...##
###.......##...##
######.......###...##
#<#.....@..####...##
##.......#####...## .
###...### ##...##
####.. ##.##
##...####......
#..####..............
##..##...........#
#..........######
#.......####
#.#######


There were no monsters in sight!

Vanquished Creatures
  A troll (D:9)
  Sigmund (D:4)
  A wyvern (D:9)
  Edmund (D:6)
  Duvessa (D:4)
  An orc warrior (D:6)
  A sky beast (D:5)
  2 ice beasts
  The ghost of KMICIC the Poker, an amateur MfBe of Trog (D:3)
  An ogre (D:4)
  A crocodile (D:8)
  3 centaurs
  3 bullfrogs
  2 gnoll sergeants (D:8)
  Dowan (D:4)
  A wyvern zombie (D:9)
  4 scorpions
  3 killer bees (D:8)
  A howler monkey (D:9)
  5 wights (D:6)
  A bullfrog zombie (D:7)
  5 hounds
  3 jellies
  Crazy Yiuf (D:5)
  2 orc priests
  A bullfrog skeleton (D:4)
  A centaur skeleton (D:8)
  7 worker ants
  Ijyb (D:4)
  2 iguanas
  8 orc wizards
  2 hound zombies
  7 gnolls (D:8)
  A howler monkey skeleton (D:2)
  8 adders
  A shadow imp (D:6)
  3 oozes
  An adder zombie (D:9)
  An adder skeleton (D:6)
  2 worms
  2 dart slugs (D:1)
  7 leopard geckos
  28 orcs
  2 ball pythons (D:2)
  8 giant cockroaches
  4 goblins
  7 hobgoblins
  18 jackals
  11 kobolds
  3 quokkas
  8 bats
  4 frilled lizards
  2 quokka skeletons
  A rat (D:3)
198 creatures vanquished.

Vanquished Creatures (others)
  3 spectral weapons
3 creatures vanquished.

Grand Total: 201 creatures vanquished

Notes
Turn   | Place    | Note
-------+----------+-------------------------------------------
     0 | D:1      | microfolk the Gnoll Skald began the quest for the Orb.
     0 | D:1      | Reached XP level 1. HP: 20/20 MP: 6/6
    91 | D:1      | Reached XP level 2. HP: 14/26 MP: 7/7
    95 | D:1      | Learned a level 2 spell: Song of Slaying
   400 | D:1      | Reached XP level 3. HP: 28/31 MP: 9/9
   405 | D:1      | Learned a level 3 spell: Regeneration
   409 | D:1      | Learned a level 3 spell: Spectral Weapon
   431 | D:1      | Reached skill level 5 in Spellcasting
  1050 | D:2      | Reached skill level 1 in Invocations
  1223 | D:2      | Reached skill level 1 in Short Blades
  1223 | D:2      | Reached skill level 1 in Long Blades
  1223 | D:2      | Reached skill level 1 in Axes
  1223 | D:2      | Reached skill level 1 in Maces & Flails
  1223 | D:2      | Reached skill level 1 in Staves
  1223 | D:2      | Reached skill level 1 in Slings
  1223 | D:2      | Reached skill level 1 in Bows
  1223 | D:2      | Reached skill level 1 in Crossbows
  1223 | D:2      | Reached skill level 1 in Throwing
  1223 | D:2      | Reached skill level 1 in Stealth
  1223 | D:2      | Reached skill level 1 in Shields
  1223 | D:2      | Reached skill level 1 in Unarmed Combat
  1223 | D:2      | Reached skill level 1 in Evocations
  1223 | D:2      | Reached XP level 4. HP: 30/38 MP: 7/11
  1265 | D:2      | Found a burning altar of Makhleb.
  1282 | D:2      | Became a worshipper of Makhleb the Destroyer
  2135 | D:3      | Reached skill level 1 in Conjurations
  2135 | D:3      | Reached skill level 1 in Hexes
  2135 | D:3      | Reached skill level 1 in Summonings
  2135 | D:3      | Reached skill level 1 in Necromancy
  2135 | D:3      | Reached skill level 1 in Translocations
  2135 | D:3      | Reached skill level 1 in Transmutations
  2135 | D:3      | Reached skill level 1 in Fire Magic
  2135 | D:3      | Reached skill level 1 in Ice Magic
  2135 | D:3      | Reached skill level 1 in Air Magic
  2135 | D:3      | Reached skill level 1 in Earth Magic
  2135 | D:3      | Reached skill level 1 in Poison Magic
  2218 | D:3      | Noticed KMICIC's ghost (amateur MfBe)
  2499 | D:3      | Reached XP level 5. HP: 43/43 MP: 8/12
  2544 | D:3      | Reached * piety under Makhleb
  2727 | D:4      | Noticed Ijyb
  2756 | D:4      | Killed Ijyb
  2776 | D:4      | Noticed an ogre
  2781 | D:4      | Noticed Duvessa
  2781 | D:4      | Noticed Dowan
  3219 | D:4      | Reached XP level 6. HP: 50/50 MP: 7/13
  3471 | D:3      | Killed KMICIC's ghost
  3471 | D:3      | Reached skill level 5 in Fighting
  3471 | D:3      | Reached skill level 5 in Polearms
  3471 | D:3      | Reached skill level 5 in Dodging
  3500 | D:4      | Noticed Sigmund
  3718 | D:4      | Killed Sigmund
  3718 | D:4      | Reached XP level 7. HP: 44/56 MP: 10/15
  4843 | D:4      | Killed Duvessa
  5074 | D:4      | Killed Dowan
  5110 | D:5      | Entered Level 5 of the Dungeon
  5147 | D:5      | Reached XP level 8. HP: 36/63 MP: 12/16
  5179 | D:5      | HP: 3/63 [centaur (7)]
  5800 | D:5      | Found a runed door.
  6058 | D:5      | Reached skill level 6 in Spellcasting
  6074 | D:5      | Found a staircase to the Ecumenical Temple.
  6083 | Temple   | Entered the Ecumenical Temple
  6624 | D:5      | Noticed Crazy Yiuf
  6635 | D:5      | Killed Crazy Yiuf
  7150 | D:6      | Noticed Edmund
  7168 | D:6      | Killed Edmund
  8286 | D:7      | Reached XP level 9. HP: 46/69 MP: 18/18
  8817 | D:7      | Reached ** piety under Makhleb
  8917 | D:7      | Noticed a troll
  9998 | D:8      | Reached skill level 5 in Armour
 10712 | D:8      | Reached *** piety under Makhleb
 10729 | D:8      | Reached skill level 5 in Invocations
 11030 | D:9      | Reached XP level 10. HP: 44/77 MP: 20/20
 11229 | D:9      | Reached skill level 7 in Spellcasting
 11272 | D:9      | Noticed a two-headed ogre
 11346 | D:9      | Noticed a two-headed ogre
 11943 | D:10     | Entered Level 10 of the Dungeon
 12010 | D:10     | HP: 2/77 [something (3)]
 12012 | D:10     | Slain by an unseen horror

Skill      XL: |  1  2  3  4  5  6  7  8  9 10 |
---------------+-------------------------------+-----
Spellcasting   | 5 6 7 |  7.1
Invocations    | 1 2 3 4 5 |  5.4
Short Blades   | 1 2 3 4 |  4.9
Long Blades    | 1 2 3 4 |  4.9
Axes           | 1 2 3 4 |  4.9
Maces & Flails | 1 2 3 4 |  4.9
Staves         | 1 2 3 4 |  4.9
Slings         | 1 2 3 4 |  4.9
Bows           | 1 2 3 4 |  4.9
Crossbows      | 1 2 3 4 |  4.9
Throwing       | 1 2 3 4 |  4.9
Stealth        | 1 2 3 4 |  4.9
Shields        | 1 2 3 4 |  4.9
Unarmed Combat | 1 2 3 4 |  4.9
Evocations     | 1 2 3 4 |  4.9
Conjurations   | 1 2 3 4 |  4.1
Hexes          | 1 2 3 4 |  4.1
Summonings     | 1 2 3 4 |  4.1
Necromancy     | 1 2 3 4 |  4.1
Translocations | 1 2 3 4 |  4.1
Transmutations | 1 2 3 4 |  4.1
Fire Magic     | 1 2 3 4 |  4.1
Ice Magic      | 1 2 3 4 |  4.1
Air Magic      | 1 2 3 4 |  4.1
Earth Magic    | 1 2 3 4 |  4.1
Poison Magic   | 1 2 3 4 |  4.1
Armour         | 3 4 5 |  5.6
Fighting       | 5 6 |  6.8
Polearms       | 5 6 |  6.8
Dodging        | 5 6 |  6.8
Charms         | 6 |  6.9

Action                   |  1- 3 |  4- 6 |  7- 9 | 10-12 || total
-------------------------+-------+-------+-------+-------++-------
Melee: Spear             |   138 |   237 |   490 |       ||   865
       Bite              |     6 |    20 |    75 |     9 ||   110
       Punch             |       |       |     9 |     3 ||    12
       Trident           |       |       |   148 |    74 ||   222
 Fire: Shortbow          |       |       |    50 |       ||    50
Throw: Stone             |     1 |     5 |     5 |     1 ||    12
 Cast: Spectral Weapon   |     1 |     9 |    38 |     4 ||    52
       Regeneration      |       |     6 |    20 |     2 ||    28
  Use: Scroll            |       |     5 |    12 |     1 ||    18
 Stab: Sleeping          |     6 |     1 |     6 |     3 ||    16
       Distracted        |       |     1 |     3 |     2 ||     6
  Eat: Chunk             |     1 |    22 |    29 |     3 ||    55
Armor: Leather armour    |    19 |       |       |       ||    19
       Ring mail         |     8 |    60 |    36 |       ||   104
       Scale mail        |       |       |   154 |    27 ||   181
Dodge: Dodged            |    63 |   115 |   313 |    54 ||   545
